Map: Cactus Valley LE (Void)

Players

VoidWalker

  • Race: Protoss Protoss
  • League: Master
  • Spawn Location: 1:00

Railgan - Winner!

  • Race: Zerg Zerg
  • League: Grandmaster
  • Spawn Location: 5:00

VOD

Have the link to the VOD?

Description

Time

  • Played on: March 20, 2017, 4:26 p.m.
  • Length: 9:33
Show
View Real Time Build Order
Export as new Build Order

VoidWalker Protoss 

Build Orders: Zealot Archon 

Get SALT Encoding   

  12  0:01  Probe (Chrono Boost)  
  13  0:11  Probe (Chrono Boost)  
  14  0:18  Pylon  
  14  0:22  Probe (Chrono Boost)  
  15  0:36  Probe (Chrono Boost)  
  15  0:38  Gateway  
  16  0:46  Probe (Chrono Boost)  
  17  0:52  Assimilator  
  17  0:57  Probe (Chrono Boost)  
  18  1:11  Gateway  
  18  1:13  Probe (Chrono Boost)  
  19  1:24  Probe (Chrono Boost)  
  20  1:25  Cybernetics Core  
  20  1:34  Probe (Chrono Boost)  
  21  1:43  Pylon  
  21  2:02  Adept x2  
  21  2:08  Warp Gate, Nexus  
  25  2:15  Assimilator  
  25  2:20  Probe (Chrono Boost)  
  26  2:28  Stalker  
  26  2:34  Probe (Chrono Boost)  
  29  2:45  Probe (Chrono Boost)  
  30  2:55  Probe (Chrono Boost)  
  30  2:57  Pylon  
  31  3:06  Twilight Council  
  31  3:21  Probe (Chrono Boost)  
  31  3:22  Mothership Core (Chrono Boost)  
  34  3:29  Gateway  
  34  3:30  Gateway  
  34  3:34  Resonating Glaives  
  34  3:41  Pylon  
  34  3:45  Probe (Chrono Boost)  
  34  3:46  Probe (Chrono Boost)  
  36  3:56  Probe (Chrono Boost)  
  36  3:58  Probe (Chrono Boost)  
  38  4:03  Robotics Facility  
  38  4:09  Probe (Chrono Boost)  
  40  4:10  Probe (Chrono Boost)  
  36  4:17  Adept  
  36  4:18  Adept  
  40  4:33  Probe (Chrono Boost)  
  40  4:35  Probe (Chrono Boost)  
  40  4:37  Dark Shrine  
  42  4:42  Pylon  
  42  4:44  Probe (Chrono Boost)  
  42  4:45  Pylon  
  44  4:46  Probe (Chrono Boost)  
  44  5:00  Adept x3  
  44  5:01  Adept  
  44  5:05  Warp Prism  
  54  5:17  Probe (Chrono Boost)  
  54  5:18  Probe (Chrono Boost)  
  56  5:22  Sentry  
  56  5:26  Assimilator  
  56  5:28  Probe (Chrono Boost)  
  59  5:30  Probe (Chrono Boost)  
  59  5:35  Forge  
  60  5:41  Probe (Chrono Boost)  
  62  5:42  Probe (Chrono Boost)  
  62  5:52  Probe (Chrono Boost)  
  62  5:54  Probe (Chrono Boost)  
  62  5:56  Assimilator  
  64  6:01  Dark Templar x2  
  68  6:11  Protoss Ground Weapons Level 1  
  68  6:12  Probe (Chrono Boost)  
  68  6:13  Nexus, Probe (Chrono Boost)  
  70  6:20  Pylon  
  70  6:23  Pylon  
  70  6:26  Probe (Chrono Boost)  
  70  6:28  Probe (Chrono Boost)  
  72  6:36  Dark Templar  
  72  6:38  Dark Templar  
  76  6:42  Archon x2  
  76  6:46  Probe (Chrono Boost)  
  78  6:48  Probe (Chrono Boost)  
  78  6:51  Gateway  
  78  6:53  Gateway  
  78  6:55  Gateway  
  78  7:07  Adept x2  
  80  7:19  Adept x2  
  84  7:33  Probe (Chrono Boost)  
  84  7:34  Probe (Chrono Boost)  
  84  7:42  Immortal  
  69  7:44  Nexus, Probe (Chrono Boost)  
  69  7:46  Probe (Chrono Boost)  
  74  7:54  Probe (Chrono Boost)  
  75  8:05  Probe (Chrono Boost)  
  77  8:06  Probe (Chrono Boost), Stalker x4  
  77  8:07  Stalker  
  84  8:17  Probe (Chrono Boost)  
  84  8:18  Probe (Chrono Boost)  
  86  8:24  Pylon  
  86  8:26  Pylon  
  86  8:28  Pylon  
  86  8:30  Pylon  
  86  8:45  Probe (Chrono Boost)  
  87  8:57  Pylon, Stalker  
  87  8:58  Sentry x2, Stalker x3  
  87  8:59  Pylon, Sentry  
  87  9:01  Pylon  
  98  9:23  Stalker x5  
  98  9:24  Stalker  
Show
View Real Time Build Order
Export as new Build Order

Railgan Zerg - Winner!

Build Orders: Hatch First, Swarm Host 

Get SALT Encoding   

  12  0:01  Drone  
  13  0:12  Overlord  
  13  0:18  Drone  
  14  0:31  Drone x2  
  14  0:34  Drone  
  17  0:54  Drone  
  18  1:03  Drone, Hatchery  
  18  1:08  Extractor  
  17  1:18  Drone, Spawning Pool  
  16  1:21  Drone  
  18  1:28  Drone  
  19  1:40  Overlord  
  19  1:55  Drone  
  20  2:05  Queen  
  20  2:06  Zergling x2  
  23  2:14  Zergling x2  
  23  2:15  Queen  
  24  2:16  Metabolic Boost  
  24  2:19  Spine Crawler  
  24  2:20  Zergling x2  
  26  2:28  Zergling x2  
  27  2:34  Drone x2  
  29  2:42  Queen  
  31  2:45  Drone  
  31  2:47  Overlord  
  32  2:59  Queen  
  34  3:08  Drone x2  
  34  3:11  Evolution Chamber  
  35  3:15  Overlord  
  35  3:16  Drone  
  36  3:28  Overlord  
  36  3:33  Drone x4  
  40  3:39  Drone  
  41  3:42  Zerg Melee Weapons Level 1  
  40  3:50  Drone x3  
  43  3:55  Drone  
  43  3:56  Drone  
  43  3:57  Drone  
  46  4:11  Drone x2, Zergling x4  
  46  4:13  Zergling x2  
  51  4:23  Drone x2  
  51  4:24  Drone  
  51  4:28  Lair, Overlord  
  51  4:30  Extractor  
  50  4:33  Extractor  
  50  4:34  Roach Warren  
  48  4:42  Overlord  
  48  4:45  Zergling x2  
  48  4:46  Drone  
  48  4:47  Drone  
  48  4:49  Extractor  
  48  4:50  Spore Crawler  
  49  4:55  Drone  
  49  4:57  Drone  
  51  5:04  Spore Crawler  
  50  5:07  Overlord  
  50  5:08  Drone x2  
  50  5:09  Drone  
  53  5:15  Roach x3  
  53  5:17  Roach  
  53  5:18  Roach  
  63  5:26  Drone  
  63  5:28  Drone x2, Glial Reconstitution  
  66  5:29  Drone x2  
  66  5:34  Infestation Pit  
  66  5:41  Roach x2  
  69  5:45  Roach x3  
  75  5:51  Zerg Melee Weapons Level 2  
  75  5:54  Zergling x2  
  75  5:55  Overlord  
  75  5:56  Overlord  
  76  5:59  Overlord  
  76  6:04  Overlord  
  76  6:12  Overlord x2  
  76  6:18  Zergling x8  
  80  6:27  Zergling x4  
  80  6:31  Hatchery  
  81  6:41  Zergling x4  
  81  6:42  Zergling x4  
  81  6:44  Drone  
  81  6:45  Baneling Nest, Overlord  
  85  6:47  Overseer  
  85  7:00  Swarm Host x2  
  85  7:01  Swarm Host x2  
  91  7:03  Swarm Host  
  91  7:07  Swarm Host  
  103  7:17  Swarm Host x3  
  109  7:25  Swarm Host x2  
  109  7:29  Zergling x6  
  116  7:34  Overseer  
  116  7:36  Zergling x2  
  113  7:46  Zergling x2  
  113  7:47  Zergling x10  
  115  7:54  Zergling x2  
  115  7:56  Drone x2  
  118  8:09  Zergling x10  
  123  8:22  Zergling x4  
  123  8:23  Zergling x10  
  123  8:25  Drone  
  131  8:28  Overlord  
  129  8:41  Overlord  
  129  8:42  Drone  
  129  8:43  Drone  
  129  8:45  Drone x2  
  129  8:46  Drone x3  
  129  8:47  Extractor x2  
  131  8:51  Zergling x2  
  131  8:52  Zergling x2  
  132  8:56  Roach  
  132  8:59  Roach x2  
  138  9:03  Roach  
  138  9:04  Roach x2  
  138  9:06  Overlord  
Tags
 
Add a new tag
Caveats
  • Supply blocks, unpowered buildings, or Contaminate may cause inaccurate times.
  • Supply counts are checked every 10 seconds.